AoeStats
← Emp

Pilgrims

509646263Analyzed
4v4 RM · 4d ago on Sep 27, 2026· 38m 41s· 8 players
Game mode
Random Map
Map size
Large (8 player)
Population
200
Speed
Normal
Resources
Standard
Victory
Conquest
Starting age
Dark Age
Ending age
Imperial Age
RankedLock teamsTeams togetherTeam positionsShared explorationLock speedFull tech treeHidden civsTurbo modeCheats
Victory
Defeat
🇲🇪 Varangians · Montenegro
1262
+12
🇹🇷 Koreans · Türkiye
1177
+16
🇲🇪 Vietnamese · Montenegro
1169
+16
🇲🇪 Vikings · Montenegro
1080
+19
🇨🇳 Persians · China
1198
-17
🇨🇳 Spanish · China
1176
-16
🇧🇷 Varangians · Brazil
1150
-15
🇨🇳 Vietnamese · China
1149
-15
Emp
8:18 Loom
10:27 Feudal Age
14:34 Castle Age
13:24 Double-Bit Axe
13:37 Fishing Lines
15:53 Gillnets
16:11 Fletching
21:17 Bow Saw
25:36 Gold Mining
25:37 Stone Mining
31:14 Bodkin Arrow
33:20 Wheelbarrow
33:34 Town Watch
37:49 Scale Barding Armor
37:54 Forging
38:16 Horse Collar
39:10 Chain Barding Armor
NOxArbor
4:34 Loom
10:20 Feudal Age
11:51 Wheelbarrow
11:45 Double-Bit Axe
12:00 Fishing Lines
18:53 Castle Age
17:07 Stone Mining
17:10 Gold Mining
19:52 Gillnets
20:16 Medium Warships
20:36 Hand Cart
20:33 Bow Saw
22:56 Gold Shaft Mining
28:54 Imperial Age
27:21 Fletching
27:39 Thumb Ring
29:15 Stone Shaft Mining
28:45 Bodkin Arrow
31:13 Conscription
32:07 Chemistry
31:27 Ballistics
31:10 Bracer
33:16 Two-Man Saw
34:48 Masonry
34:18 Treadmill Crane
rmilun
4:10 Loom
12:22 Feudal Age
13:14 Fishing Lines
14:10 Double-Bit Axe
16:52 Castle Age
15:11 Gold Mining
15:15 Fletching
17:51 Bow Saw
17:39 Bodkin Arrow
18:25 Padded Archer Armor
18:41 Medium Warships
18:25 Gillnets
19:21 Stone Mining
21:53 Leather Archer Armor
21:29 Crossbowman
23:01 Ballistics
25:25 Wheelbarrow
24:36 Town Watch
33:09 Imperial Age
30:52 Horse Collar
33:23 Arbalester
34:43 Heavy Warships
34:28 Bracer
36:16 Chemistry
36:50 Thumb Ring
37:18 Murder Holes
39:16 Town Patrol
39:33 Hand Cart
Mindza Debela
13:30 Feudal Age
14:38 Double-Bit Axe
15:56 Fishing Lines
18:25 Castle Age
16:46 Gold Mining
16:50 Fletching
17:06 Padded Archer Armor
20:24 Bodkin Arrow
21:12 Loom
22:23 Arson
22:39 Squires
28:42 Bow Saw
28:49 Stone Mining
29:43 Town Watch
37:08 Imperial Age
36:40 Murder Holes
39:08 Ballistics
edu_hen
5:40 Loom
13:58 Feudal Age
20:05 Castle Age
18:52 Wheelbarrow
18:05 Double-Bit Axe
18:02 Horse Collar
18:10 Fishing Lines
18:49 Stone Mining
19:31 Gold Mining
21:12 Heavy Plow
21:26 Bow Saw
22:24 Hand Cart
22:25 Gillnets
24:08 Heavy Plow
29:01 Imperial Age
28:25 Fletching
28:35 Padded Archer Armor
28:59 Ballistics
29:14 Bodkin Arrow
31:25 Conscription
31:16 Town Watch
31:32 Bracer
31:48 Leather Archer Armor
32:42 Chemistry
34:36 Ring Archer Armor
34:03 Pikeman
34:18 Elite Skirmisher
36:04 Elite Skirmisher
37:11 Imperial Skirmisher
37:17 Imperial Skirmisher
38:09 Capped Ram
雾野行卒
9:15 Loom
11:23 Feudal Age
15:50 Castle Age
13:44 Fishing Lines
15:56 Double-Bit Axe
15:54 Horse Collar
16:06 Gold Mining
17:48 Forging
19:38 Bow Saw
20:57 Wheelbarrow
21:37 Town Watch
22:10 Hand Cart
21:48 Fletching
22:15 Stone Mining
22:28 Heavy Plow
24:34 Bodkin Arrow
27:16 Padded Archer Armor
31:10 Imperial Age
33:19 Bracer
34:00 Block Printing
chmchmchmchmchm
3:43 Loom
11:44 Feudal Age
12:11 Double-Bit Axe
13:39 Horse Collar
17:30 Castle Age
17:36 Castle Age
15:45 Gold Mining
15:45 Stone Mining
15:46 Gold Mining
15:46 Stone Mining
15:46 Gold Mining
16:06 Stone Mining
16:35 Bloodlines
16:40 Forging
16:35 Scale Barding Armor
16:40 Forging
16:35 Scale Barding Armor
16:40 Forging
16:36 Scale Barding Armor
16:17 Fishing Lines
16:49 Scale Barding Armor
18:53 Bow Saw
18:52 Husbandry
20:18 Medium Warships
20:52 Husbandry
25:00 Heavy Plow
36:00 Wheelbarrow
39:47 Imperial Age
37:33 Hand Cart
37:42 Chain Barding Armor
38:04 Fletching
small_rain_111
4:18 Loom
11:01 Feudal Age
12:40 Padded Archer Armor
16:54 Fletching
24:37 Castle Age
Connection lost

Rejoining the realm…

Still unreachable

The connection could not be restored.

Session expired

The server has moved on; the page needs a fresh start.